 Dungeon Crawl Stone Soup version 0.21.1-1-g345015fe64 (webtiles) character file.

73 Gargoyl the Skirmisher (level 4, 0/38 HPs)
             Began as a Centaur Abyssal Knight on July 6, 2018.
             Was a Follower of Lugonu.
             Slain by a quasit (1 damage)
             ... on level 3 of the Dungeon.
             The game lasted 00:03:16 (2628 turns).

Gargoyl the Skirmisher (Centaur Abyssal Knight)     Turns: 2628, Time: 00:03:16

Health: 0/38       AC:  7    Str: 14      XL:     4   Next: 8%
Magic:  5/5        EV:  1    Int: 11      God:    Lugonu [*.....]
Gold:   78         SH:  6    Dex:  2 (10) Spells: 3/3 levels left

rFire    . . .     SeeInvis .   a - +1 hand axe
rCold    . . .     Gourm    .   g - +0 shield
rNeg     . . .     Faith    .   d - +0 chain mail
rPois    .         Spirit   .   (no helmet)
rElec    .         Reflect  .   (no cloak)
rCorr    .         Harm     .   (no gloves)
MR       .....                  (no barding)
Stlth    ..........             (no amulet)
HPRegen  0.12/turn              (no ring)
MPRegen  0.09/turn              (no ring)

@: very quick
A: large, hooves 3, deformed body, speed 2, tough skin 3
a: Depart the Abyss, Renounce Religion


You were on level 3 of the Dungeon.
You worshipped Lugonu.
Lugonu was aware of your devotion.
You were not hungry.

You visited 1 branch of the dungeon, and saw 3 of its levels.
You visited the Abyss 1 time.

You collected 78 gold pieces.

Inventory:

Hand Weapons
 a - a +1 hand axe (weapon)
Missiles
 f - 8 tomahawks (quivered)
Armour
 d - a +0 chain mail (worn)
 g - a +0 shield (worn)
Wands
 e - a wand of iceblast (7)
Scrolls
 h - a scroll of remove curse
Comestibles
 b - a chunk of flesh
 c - a ration


   Skills:
 + Level 3.3 Fighting
 + Level 2.2 Axes
 * Level 2.4 Armour
 + Level 0.6 Dodging
 + Level 0.3 Shields
 * Level 2.5 Invocations


You had 3 spell levels left.
You didn't know any spells.

Dungeon Overview and Level Annotations

Branches:
Dungeon (3/15)

Altars:
Cheibriados
Yredelemnul


Innate Abilities, Weirdness & Mutations

You have hooves in place of feet.
Armour fits poorly on your strangely shaped body.
You cover ground very quickly.
You have extremely tough skin. (AC +3)


Message History

You float gracefully downwards.
The quasit barely misses you.
The quasit claws you but does no damage.
The quasit claws you.
* * * LOW HITPOINT WARNING * * *
The quasit bites you.
* * * LOW HITPOINT WARNING * * *
You feel clumsy. The quasit claws you.
* * * LOW HITPOINT WARNING * * *
The quasit claws you but does no damage.
Your chain mail prevents you from hitting the quasit.
The quasit is heavily wounded.
The quasit bites you but does no damage.
The quasit claws you but does no damage. x2
You miss the quasit.
The quasit is heavily wounded.
The quasit bites you but does no damage.
The quasit claws you but does no damage. x2
The quasit bites you.
You die...

###
#@#
#5#
#%#
#.#
).#
###


You could see a quasit.

Vanquished Creatures
  2 adders
  2 worms (D:2)
  2 leopard geckos
  7 bats
  2 giant cockroaches (D:1)
  5 goblins (D:1)
  8 hobgoblins
  3 jackals (D:1)
  7 kobolds
  3 frilled lizards
  4 rats (D:1)
45 creatures vanquished.

Vanquished Creatures (others)
  4 starspawn tentacles (Abyss:1)
4 creatures vanquished.

Grand Total: 49 creatures vanquished

Notes
Turn   | Place    | Note
-------+----------+-------------------------------------------
     0 | Abyss:1  | Gargoyl the Centaur Abyssal Knight began the quest for the Orb.
     0 | Abyss:1  | Reached XP level 1. HP: 19/19 MP: 2/2
   117 | Abyss:1  | Found a corrupted altar of Lugonu.
   145 | Abyss:1  | Noticed an orange demon
   174 | Abyss:1  | Found a corrupted altar of Lugonu.
   298 | Abyss:1  | Found a corrupted altar of Lugonu.
   349 | Abyss:1  | Noticed a tentacled starspawn
   350 | Abyss:1  | Noticed a raiju
   353 | Abyss:1  | Noticed an eye of draining
   400 | Abyss:2  | Noticed a worldbinder
   403 | Abyss:2  | Found a corrupted altar of Lugonu.
   406 | D:1      | Escaped the Abyss
  1040 | D:1      | Reached XP level 2. HP: 25/26 MP: 3/3
  1103 | D:1      | Reached * piety under Lugonu
  1424 | D:1      | Reached XP level 3. HP: 31/31 MP: 4/4
  1938 | D:1      | You fall through a shaft!
  2382 | D:2      | Found a snail-covered altar of Cheibriados.
  2563 | D:2      | Reached XP level 4. HP: 12/38 MP: 5/5
  2582 | D:2      | Found a basalt altar of Yredelemnul.
  2626 | D:3      | HP: 1/38 [quasit (2)]
  2628 | D:3      | Slain by a quasit

Skill      XL: |  1  2 |
---------------+-------+-----
Axes           | 2 |  2.2
Armour         | 2 |  2.4
Fighting       | |  3.3
Dodging        | |  0.6
Shields        | |  0.3
Invocations    | |  2.5

Action                   |  1- 3 |  4- 6 || total
-------------------------+-------+-------++-------
Melee: Hand axe          |   135 |    31 ||   166
       Kick              |    18 |     3 ||    21
Invok: Depart the Abyss  |     1 |       ||     1
  Use: Scroll            |     4 |       ||     4
       Potion            |     1 |     2 ||     3
  Eat: Chunk             |     3 |     1 ||     4
Armor: Chain mail        |   148 |   100 ||   248
       Skin              |     1 |       ||     1
Dodge: Dodged            |    18 |     5 ||    23
Block: Shield            |    49 |    29 ||    78
